 Dungeon Crawl Stone Soup version 0.31-a0-986-g5e6e4ef867 (webtiles) character file.

Game seed: 17121728783807986992

1694720 Midpoint the Naga Blade (level 27, 241/241 HPs)
             Began as a Naga Enchanter on Nov 10, 2023.
             Was the Champion of Hepliaklqana.
             Escaped with the Orb
             ... and 3 runes on Nov 18, 2023!
             The game lasted 12:30:12 (65964 turns).

Midpoint the Naga Blade (Naga Enchanter)           Turns: 65964, Time: 12:30:13

Health: 241/241    AC: 51    Str: 13 (15) XL:     27
Magic:  39/39      EV: 16    Int: 29 (31) God:    Hepliaklqana [******]
Gold:   3987       SH:  0    Dex: 19 (20) Spells: 2/50 levels left

rFire   + + +        a - +9 triple sword (flame)
rCold   + + +        (shield currently unavailable)
rNeg    . . .        B - +8 ice dragon scales "Luschuqiu" {rPois rF- rC++ Int+2}
rPois   +            j - +2 helmet {Int+3}
rElec   +            o - +4 dragonskin cloak
rCorr   +            Y - +2 pair of gloves
SInv    +            v - +4 barding
Will    +++..        O - amulet "Tydoik" {RegenMP Str+3 Dex+3}
Stlth   ++           E - ring of Ecirr {rF+ EV+5 Slay+5}
HPRegen 0.60/turn    s - ring of Odymis {*Slow rPois rF+++ rC+ Int+3}
MPRegen 0.66/turn

%: slow self (1%)
@: mighty, brilliant, resistant, hasted, studying 3 skills, invisible, quick
A: reduced essence, AC +9, large, see invisible, deformed body, poison
resistance, slowness 2, spit poison 1, naga tail 2, stinger 2
0: Orb of Zot
}: 3/15 runes: decaying, slimy, gossamer
a: Spit Poison, Renounce Religion, Recall Ancestor, Ancestor Identity,
Transference, Idealise


You escaped.
You worshipped Hepliaklqana.
Hepliaklqana was exalted by your worship.
You visited 12 branches of the dungeon, and saw 53 of its levels.
You also visited: Sewer, Ice Cave, Volcano and Wizlab.

You collected 6675 gold pieces.
You spent 2688 gold pieces at shops.

Inventory:

Hand Weapons
 a - a +9 triple sword of flaming (weapon)
 U - the +10 rapier of Xom's Reproof {heavy, rF+ rC+ rN+ Dex+3}
   (You bought it in a shop on level 2 of the Orcish Mines)

   Dex+3:     It affects your dexterity (+3).
   rF+:       It protects you from fire.
   rC+:       It protects you from cold.
   rN+:       It protects you from negative energy.
 X - the +8 demon blade "Leech" {evervamp, Harm Drain rN+}
   (You found it on level 5 of the Lair of Beasts)

   rN+:       It protects you from negative energy.
   Drain:     It drains your maximum health when unequipped.
   Harm:      It increases damage dealt and taken.
Missiles
 u - 2 throwing nets
 A - 14 curare-tipped darts
 S - 6 darts of dispersal
Armour
 j - a +2 helmet of intelligence (worn)
 o - the +4 dragonskin cloak (worn)
   (You took it off Tiamat on level 5 of the Realm of Zot)

   Avatar's Aegis: It grants the wearer a chance to resist fire, cold, poison,
   electricity, acid, and negative energy.
 v - a +4 barding (worn)
 B - the +8 ice dragon scales "Luschuqiu" (worn) {rPois rF- rC++ Int+2}
   (You found it on level 5 of the Pits of Slime)

   Int+2:     It affects your intelligence (+2).
   rF-:       It makes you vulnerable to fire.
   rC++:      It greatly protects you from cold.
   rPois:     It protects you from poison
 Y - a +2 pair of gloves (worn)
Jewellery
 r - a ring of flight
 s - the ring of Odymis (right hand) {*Slow rPois rF+++ rC+ Int+3}
   (You bought it in a shop on level 2 of the Orcish Mines)

   [ring of protection from cold]

   Int+3:     It affects your intelligence (+3).
   rF+++:     It renders you almost immune to fire.
   rC+:       It protects you from cold.
   rPois:     It protects you from poison *Slow: It may slow you when you take
   damage.
 E - the ring of Ecirr (left hand) {rF+ EV+5 Slay+5}
   (You found it in a wizard's laboratory)

   [ring of evasion]

   EV+5:      It affects your evasion (+5).
   Slay+5:    It affects your accuracy & damage with ranged weapons and melee
   (+5).
   rF+:       It protects you from fire.
 L - the ring "Waprucwy" {Wiz rCorr}
   (You bought it in a shop on level 1 of the Vaults)

   [ring of wizardry]

   Wiz:       It improves your spell success rate.
   rCorr:     It protects you from acid and corrosion.
 O - the amulet "Tydoik" (around neck) {RegenMP Str+3 Dex+3}
   (You found it on level 5 of the Pits of Slime)

   [amulet of magic regeneration]

   RegenMP:   It increases your rate of magic regeneration.
   Str+3:     It affects your strength (+3).
   Dex+3:     It affects your dexterity (+3).
Wands
 b - a wand of light (14)
 g - a wand of digging (9)
 I - a wand of iceblast (67)
 P - a wand of flame (98)
 T - a wand of mindburst (28)
 W - a wand of polymorph (20)
Scrolls
 e - 8 scrolls of vulnerability
 f - 18 scrolls of teleportation
 n - a scroll of acquirement
 p - a scroll of silence
 x - 5 scrolls of enchant armour
 z - 6 scrolls of fear
 F - 3 scrolls of blinking
 G - 9 scrolls of fog
 J - 2 scrolls of butterflies
 Q - 4 scrolls of revelation
 V - 5 scrolls of immolation
 Z - 6 scrolls of enchant weapon
Potions
 c - 4 potions of invisibility
 d - 3 potions of cancellation
 h - 3 potions of berserk rage
 k - 14 potions of curing
 l - 10 potions of brilliance
 m - 3 potions of heal wounds
 t - 8 potions of mutation
 w - 4 potions of resistance
 y - a potion of lignification
 C - a potion of magic
 H - 12 potions of might
 K - 9 potions of attraction
 M - 3 potions of haste
 N - 8 potions of ambrosia
Miscellaneous
 i - a sack of spiders
 q - a lightning rod (4/4)
 D - a phial of floods
 R - a phantom mirror (inert)


   Skills:
 + Level 20.1 Fighting
 - Level 10.0(16.8) Short Blades
 - Level 21.2(22.0) Long Blades
 - Level 15.0 Armour
 + Level 13.5 Dodging
 - Level 18.0 Stealth
 - Level 12.0 Spellcasting
 - Level 9.4 Hexes
 - Level 13.6 Summonings
 - Level 14.0 Translocations
 + Level 1.6 Transmutations
 - Level 1.0 Ice Magic
 - Level 4.0 Air Magic
 + Level 1.6 Earth Magic
 - Level 10.0 Invocations
 + Level 12.7 Evocations


You had 2 spell levels left.
You knew the following spells:

 Your Spells              Type           Power      Damage    Failure   Level
a - Apportation           Tloc           100%       N/A       1%          1
b - Summon Mana Viper     Hex/Summ       91%        N/A       2%          5
c - Confusing Touch       Hex            83%        N/A       1%          3
d - Tukima's Dance        Hex            83%        N/A       1%          3
e - Dazzling Flash        Conj/Hex       100%       N/A       4%          3
f - Swiftness             Air            57%        N/A       6%          3
g - Cause Fear            Hex            41%        N/A       2%          4
h - Manifold Assault      Tloc           99%        N/A       1%          4
i - Vhi's Electric Charg  Tloc/Air       100%       N/A       2%          4
j - Slow                  Hex            100%       N/A       1%          1
k - Summon Forest         Summ/Tloc      49%        N/A       1%          5
l - Dispersal             Tloc           49%        N/A       5%          6
m - Blink                 Tloc           100%       N/A       1%          2
n - Lesser Beckoning      Tloc           100%       N/A       1%          2
o - Passwall              Tmut/Erth      33%        N/A       9%          2

Your spell library contained the following spells:

 Spells                   Type           Power      Damage    Failure   Level
 Summon Small Mammal      Summ           100%       N/A       1%          1
 Ensorcelled Hibernation  Hex/Ice        100%       N/A       1%          2
 Jinxbite                 Hex            100%       N/A       1%          2
 Momentum Strike          Conj/Tloc      100%       3d10      1%          2
 Shock                    Conj/Air       100%       1d9       4%          1
 Sandblast                Erth           80%        2d17      6%          1
 Poisonous Vapours        Pois/Air       86%        N/A       8%          2
 Static Discharge         Conj/Air       86%        3-7/arc   8%          2
 Cigotuvi's Dreadful Rot  Necr/Pois/Air  74%        N/A       10%         2
 Foxfire                  Conj/Fire      100%       2x1d9     11%         1
 Necrotise                Necr           100%       1d9       11%         1
 Gell's Gravitas          Tloc           99%        N/A       1%          3
 Sigil of Binding         Hex            83%        N/A       1%          3
 Teleport Other           Tloc           99%        N/A       1%          3
 Volatile Blastmotes      Fire/Tloc      100%       2d18      1%          3
 Dimensional Bullseye     Hex/Tloc       45%        N/A       1%          4
 Summon Lightning Spire   Summ/Air       80%        N/A       3%          4
 Inner Flame              Hex/Fire       61%        N/A       4%          3
 Summon Ice Beast         Ice/Summ       74%        N/A       5%          4
 Summon Cactus Giant      Summ           49%        N/A       6%          6
 Anguish                  Hex/Necr       30%        N/A       16%         4
 Mephitic Cloud           Conj/Pois/Air  37%        N/A       21%         3
 Silence                  Hex/Air        35%        N/A       21%         5
 Airstrike                Air            28%        2d(5-21)  22%         4
 Stone Arrow              Conj/Erth      66%        3d11      24%         3
 Hailstorm                Conj/Ice       30%        3d8       26%         3
 Ignite Poison            Fire/Tmut/Pois 30%        N/A       26%         3
 Vampiric Draining        Necr           26%        2d7       32%         3
 Malign Gateway           Summ/Tloc      49%        N/A       32%         7
 Brom's Barrelling Bould  Conj/Erth      33%        2d5       63%         4
 Animate Dead             Necr           26%        N/A       73%         4
 Flame Wave               Conj/Fire      26%        2d8       73%         4
 Sticky Flame             Conj/Fire      26%        2d5       73%         4
 Arcjolt                  Conj/Air       21%        1d31      80%         5
 Freezing Cloud           Conj/Ice/Air   20%        6-21      85%         5
 Enfeeble                 Hex            41%        N/A       89%         7
 Alistair's Intoxication  Tmut/Pois      22%        N/A       92%         5
 Borgnjor's Vile Clutch   Necr/Erth      16%        N/A       92%         5
 Irradiate                Conj/Tmut      16%        3d17      92%         5
 Disjunction              Tloc           49%        N/A       93%         8
 Summon Horrible Things   Summ           49%        N/A       95%         8
 Agony                    Necr           26%        N/A       97%         5
 Fireball                 Conj/Fire      13%        3d7       97%         5
 Iskenderun's Battlesphe  Conj           26%        2d8       97%         5
 Haunt                    Necr/Summ      35%        N/A       99%         7
 Conjure Ball Lightning   Conj/Air       21%        3x3d6     100%        6
 Death Channel            Necr           13%        N/A       100%        6
 Plasma Beam              Fire/Air       21%        2x1d33    100%        6
 Simulacrum               Ice/Necr       15%        N/A       100%        6
 Orb of Destruction       Conj           13%        9d7       100%        7
 Ignition                 Fire           13%        3d6       100%        8
 Infestation              Necr           13%        N/A       100%        8
 Maxwell's Capacitive Co  Air            28%        ∞         100%        8
 Fire Storm               Conj/Fire      13%        8d3       100%        9


Dungeon Overview and Level Annotations

Branches:
Dungeon (15/15)            Temple (1/1) D:7            Lair (5/5) D:9
  Swamp (4/4) Lair:2       Spider (4/4) Lair:2        Slime (5/5) Lair:5
    Orc (2/2) D:11            Elf (3/3) Orc:2        Vaults (4/5) D:14
  Crypt (1/3) Vaults:3     Depths (4/4) D:15            Zot (5/5) Depths:4
  Sewer (visited)           IceCv (visited)         Volcano (visited)
 WizLab (visited)

Altars:
Ashenzari
Cheibriados
Dithmenos
Elyvilon
Fedhas
Gozag
Hepliaklqana
Kikubaaqudgha
Makhleb
Nemelex Xobeh
Okawaru
Qazlal
Ru
Sif Muna
Trog
Uskayaw
Vehumet
Wu Jian
Xom
Yredelemnul
Zin
The Shining One
Jiyva
Lugonu

Shops:
D:12 *   D:15 ?!(   Orc:1 [   Orc:2 =(*!   Elf:1 [   Elf:2 (   Vaults:1 *(=(
Vaults:2 =   Vaults:3 !   Vaults:4 !*[?   Depths:4 ?

Portals:
Hell: Depths:1 Depths:2 Depths:3 Depths:4
Abyss: Depths:2 Depths:3 Depths:4
Pandemonium: Depths:2
Ziggurat: Depths:3

Annotations:
D:4 1 runed translucent door, exclusion: door, Crazy Yiuf
D:6 5 runed translucent doors, exclusion: 3 doors, DoNotCum's ghost, amateur DECj; ojifijod's ghost, novice FoFi
Lair:1 1 runed translucent door, exclusion: door, Jaev's ghost, journeyman DgFE
Swamp:1 Roxanne
Swamp:2 Frances
Spider:2 2 runed translucent doors, exclusion: 2 doors, avis's ghost, journeyman FeAr
Slime:4 exclusion: 2 upstairs
Elf:1 3 runed translucent doors, exclusion: 3 doors, Cuucabuana's ghost, veteran MiGl; Hulashix's ghost, journeyman MiBe; Sugyll's ghost, adept TeAE
Elf:2 3 runed translucent doors, exclusion: 3 doors
Vaults:4 2 transporters, exclusion: downstairs, Joextigh's ghost, veteran KoHu
Zot:1 2 transporters


Innate Abilities, Weirdness & Mutations

Your life essence is reduced to manifest your ancestor. (-10% HP)
Your serpentine skin is tough. (AC +9)
You have supernaturally acute eyesight. (SInv)
Armour fits poorly on your strangely shaped body.
Your system is resistant to poisons. (rPois)
You cover ground very slowly.
You can spit poison.
You can use your snake-like lower body to constrict enemies.
Your tail ends in a sharp venomous barb.


Message History

Eadburga hits the Tzitzimitl with a +0 antimagic quick blade!!
The Tzitzimitl dies!
There is a stone staircase leading down here.
What level of the Dungeon? (default 1, ? - help)
You feel yourself speed up.
Your mana viper disappears in a puff of smoke!
Magic restored.
HP restored.
There is a stone staircase leading up here.
You climb upwards.
There is a stone staircase leading down here.
There is a shimmering altar of Xom here.
There is a stone staircase leading up here.
You climb upwards.
There is a stone staircase leading down here.
A large abomination comes into view.
The large abomination moves out of view.
Eadburga hits the large abomination with a +0 antimagic quick blade!
Eadburga hits the large abomination but does no damage.
Eadburga casts a spell.
The large abomination resists with almost no effort.
The large abomination hits Eadburga!
Eadburga gestures at the large abomination while chanting.
The large abomination suddenly stops moving!
Eadburga hits the large abomination with a +0 antimagic quick blade!
Eadburga hits the large abomination with a +0 antimagic quick blade.
Eadburga mumbles some strange words.
Eadburga seems to speed up.
Eadburga hits the large abomination with a +0 antimagic quick blade!
Eadburga hits the large abomination with a +0 antimagic quick blade.
Eadburga hits the large abomination with a +0 antimagic quick blade!
The large abomination is destroyed!
You feel your dexterity returning.
There is a staircase leading out of the dungeon here.
You fade into invisibility!
You feel clever all of a sudden.
You feel protected.
You feel very mighty all of a sudden.
You feel yourself speed up.
You have escaped!

.......##.############
..#.#####.........[..#
##..# #....#.##...##.#
#.## ##.#.#####.###.#
#.#####.#### ##.##.#
##.##..#....## #..##.#
#..#.........###..##.#
...#..###.....#...##.#
R#...## ##.....R@..#.#
.##..### ##...#....#.#
####...###...###.....#
##...#...## ###.#.#
#.....### ##..#.#
##....# #..##.#
#....## ##.###.#
##....####..# #.#
###.......####.#


You could see the friendly Eadburga the hexer (fast).

Vanquished Creatures
  Dissolution (Slime:4)
  the Royal Jelly (Slime:5)
  Tiamat (Zot:5)
  3 dread liches (Zot:5)
  An orb of fire (Zot:4)
  Mara (Vaults:3)
  Frederick (Vaults:3)
  Vv (Depths:3)
  Parghit (Depths:4)
  5 Killer Klowns
  4 caustic shrikes
  Saint Roka (Depths:3)
  2 curse toes
  2 golden dragons
  Arachne (Spider:2)
  A bone dragon (Zot:4)
  An electric golem (Zot:1)
  7 tentacled monstrosities
  A Cloud Mage (WizLab)
  Zenata (Vaults:4)
  Rupert (Lair:3)
  20 Orb Guardians
  An Ice Fiend (IceCv)
  2 liches
  Mlioglotl (Spider:4)
  2 deep elf blademasters (Elf:3)
  A walking divine tome (Depths:4)
  3 quicksilver dragons
  13 acid blobs
  2 deep elf master archers (Elf:3)
  3 sphinxes
  7 death cobs
  3 storm dragons
  4 shadow dragons
  Kirke (Lair:3)
  A thorn hunter (Swamp:4)
  Agnes (Spider:4)
  2 tengu reavers
  A revenant (Crypt:1)
  Donald (Spider:1)
  6 draconian monks
  3 rockslimes (Slime:5)
  An iron dragon (Depths:3)
  6 azure jellies
  11 frost giants
  4 fire giants
  A fenstrider witch (Swamp:4)
  6 draconian knights
  9 emperor scorpions
  4 draconian scorchers
  10 deep elf sorcerers
  4 ghost moths
  13 vault wardens
  3 draconian shifters
  2 balrugs
  7 deep elf elementalists (Elf:3)
  Louise (D:14)
  2 ghouls (Swamp:4)
  5 orc warlords
  A spriggan defender (Depths:3)
  3 draconian stormcallers
  9 stone giants
  8 quicksilver oozes
  21 very ugly things
  3 draconian annihilators
  5 formless jellyfish
  4 ironbound thunderhulks
  10 ironbound preservers
  7 deep elf demonologists
  6 green draconians
  10 deep elf annihilators
  Nessos (D:14)
  2 vampire knights
  Azrael (D:14)
  6 bunyips
  An eleionoma (Swamp:3)
  10 dire elephants
  5 white draconians
  7 purple draconians
  9 black draconians
  8 yellow draconians
  A green death (Depths:2)
  3 eidola
  7 spark wasps
  10 red draconians
  3 blizzard demons (WizLab)
  Snorg (D:14)
  7 deep elf death magi
  3 ettins
  3 shambling mangroves (Swamp:4)
  A crystal guardian (Vaults:2)
  8 deep elf high priests
  5 jiangshi
  6 great orbs of eyes
  4 fire dragons
  5 yaktaur captains
  Josephine (D:14)
  An ice dragon (shapeshifter) (Depths:2)
  6 vault guards
  6 entropy weavers
  15 hydras
  2 hell beasts (Depths:3)
  A rakshasa (Depths:1)
  3 ghost crabs (WizLab)
  7 alligators
  3 peacekeepers
  6 spriggan air magi
  13 ice dragons
  3 ironbound frosthearts
  An anaconda (Depths:3)
  A catoblepas (D:15)
  4 ogre magi (Orc:2)
  8 centaur warriors
  A jorogumo (Spider:3)
  A merfolk avatar (Lair:5)
  4 boulder beetles
  15 two-headed ogres
  8 tengu warriors
  4 deep troll shamans
  3 vampire magi
  A hell hog (Depths:3)
  3 death yaks (Lair:5)
  2 spriggan berserkers
  5 demonic crawlers
  2 occultists
  2 sun demons (Zot:4)
  2 deep troll earth magi
  3 shock serpents (WizLab)
  7 deep elf knights
  2 salamander mystics
  18 hell knights
  4 skeletal warriors (D:12)
  5 iron trolls
  3 skysharks
  2 pharaoh ants
  11 orb spiders
  3 goliath frogs
  A shadow demon (D:4)
  A glowing orange brain (shapeshifter) (Depths:4)
  2 flayed ghosts
  2 death drakes (WizLab)
  A quicksilver dragon simulacrum (Depths:3)
  7 spriggan druids
  3 glowing orange brains
  3 spectral hydras (Swamp:4)
  2 bog bodies
  46 deep trolls
  An obsidian statue (IceCv)
  An arcanist (Vaults:2)
  12 ironbound convokers
  6 spriggan simulacra (IceCv)
  4 swamp dragons
  4 harpies
  7 steelbarb worms
  2 phantasmal warriors
  5 necromancers
  11 orc knights
  14 deep elf archers
  26 deep elf pyromancers
  23 deep elf zephyrmancers
  A mana viper (shapeshifter) (Depths:3)
  10 lindwurms
  4 oklob plants
  2 orc sorcerers
  16 wolf spiders
  3 manticores
  29 ugly things
  3 will-o-the-wisps
  3 large abominations (Depths:4)
  33 moths of wrath
  4 shining eyes
  Maurice (D:11)
  8 elephants
  4 salamanders
  19 vault sentinels
  A toenail golem (Zot:4)
  A water nymph (shapeshifter) (Depths:4)
  An ice statue (D:14)
  5 black mambas
  2 eyes of devastation (Slime:5)
  2 torpor snails (Spider:3)
  A gargoyle (D:11)
  2 apocalypse crabs (WizLab)
  12 cane toads
  An unseen horror (shapeshifter) (D:14)
  3 rime drakes
  An anaconda simulacrum (IceCv)
  2 kobold demonologists (D:11)
  2 tengu conjurers
  2 unseen horrors (Depths:4)
  A golden dragon simulacrum (IceCv)
  12 komodo dragons
  2 freezing wraiths
  11 ice devils (IceCv)
  7 trolls
  18 yaktaurs
  A red devil (Depths:4)
  2 hydra zombies (Swamp:4)
  A meliai (D:14)
  2 polar bears
  2 bloated husks
  11 tyrant leeches
  2 wind drakes
  14 hornets
  A harpy skeleton (Crypt:1)
  A death drake zombie (Swamp:4)
  20 tarantellas
  A death drake skeleton (Swamp:4)
  2 glass eyes (Depths:2)
  4 blink frogs
  Prince Ribbit (D:7)
  48 slime creatures
  20 jumping spiders
  12 culicivoras
  3 vampires
  2 centaur simulacra (D:15)
  A shadow (D:7)
  9 spriggans
  7 air elementals
  A hog (Lair:3)
  26 yaks
  6 fire elementals
  A wyvern (Lair:3)
  3 wraiths
  2 water elementals
  A golden eye (shapeshifter) (D:13)
  2 chaos spawn (Depths:4)
  A nameless horror (Zot:3)
  46 redbacks
  4 steam dragons
  8 golden eyes
  17 vampire mosquitoes
  A redback simulacrum (D:15)
  3 basilisks
  6 minotaur simulacra (IceCv)
  9 swamp worms
  4 wargs (Orc:2)
  3 hydra simulacra
  12 water moccasins
  5 acid dragons
  15 dancing weapons
  5 hell hounds
  2 hexers
  A sky beast (D:8)
  3 swamp drakes
  20 orc warriors
  8 small abominations (Depths:4)
  2 swamp dragon zombies (Swamp:4)
  3 black bears
  4 boggarts (D:15)
  5 centaurs
  21 ogres
  2 ettin simulacra (IceCv)
  A boggart (shapeshifter) (Depths:2)
  A phantom (D:4)
  2 kobold brigands
  8 bullfrogs
  A gnoll sergeant (D:10)
  10 deep troll simulacra (IceCv)
  2 earth elementals
  3 scorpions
  A wight (D:6)
  5 lindwurm simulacra (IceCv)
  A killer bee (D:8)
  7 howler monkeys
  7 electric eels
  6 jellies
  4 orc priests
  5 hounds
  4 iguanas
  11 orc wizards
  Robin (D:3)
  11 adders
  17 gnolls
  A river rat (D:5)
  2 shadow imps
  3 worms (D:2)
  A dart slug (D:3)
  62 orcs
  5 ball pythons
  A bat (D:3)
  8 endoplasms
  3 giant cockroaches
  13 goblins
  5 hobgoblins
  8 jackals
  23 kobolds
  5 quokkas
  9 frilled lizards
  8 rats
  A snaplasher vine (Zot:4)
1699 creatures vanquished.

Vanquished Creatures (collateral kills)
  A dread lich (Zot:5)
  2 orbs of fire (Zot:5)
  2 ancient liches (Zot:5)
  6 Killer Klowns (Zot:5)
  Boris (Depths:3)
  6 golden dragons
  A bone dragon (Zot:4)
  A Tzitzimitl (D:3)
  2 electric golems (Zot:5)
  8 tentacled monstrosities
  A titan (Depths:3)
  7 Orb Guardians
  An Executioner (Zot:3)
  4 acid blobs
  A sphinx (Depths:3)
  A shadow dragon (Zot:3)
  4 draconian monks
  A demonspawn warmonger (Zot:3)
  3 storm dragons
  A draconian knight (Zot:3)
  2 fire giants
  4 azure jellies
  An emperor scorpion (Spider:4)
  2 vault wardens (Vaults:2)
  2 draconian scorchers
  2 frost giants
  A ghost moth (Spider:3)
  A draconian shifter (Zot:4)
  A curse skull (Crypt:1)
  An orc warlord (Vaults:3)
  A quicksilver ooze (Slime:5)
  A formless jellyfish (Slime:5)
  4 ironbound preservers
  A stone giant (Depths:3)
  3 green draconians
  2 ironbound thunderhulks
  5 very ugly things
  A deep elf demonologist (Elf:3)
  An eleionoma (Swamp:1)
  2 dire elephants
  2 black draconians
  3 yellow draconians
  A purple draconian (Zot:4)
  A white draconian (Zot:2)
  A deep elf annihilator (Elf:3)
  A bunyip (Swamp:2)
  A spark wasp (Spider:1)
  A deep elf death mage (Elf:3)
  A fire dragon (Depths:4)
  A blizzard demon (WizLab)
  2 entropy weavers
  3 yaktaur captains
  2 deep elf high priests
  3 great orbs of eyes
  4 hydras
  A shambling mangrove (Swamp:4)
  2 ghost crabs (WizLab)
  A peacekeeper (Vaults:2)
  A vault guard (Vaults:1)
  A death knight (Crypt:1)
  An alligator (Swamp:2)
  3 catoblepae
  An ironbound frostheart (Vaults:3)
  A radroach (Spider:1)
  4 centaur warriors
  A two-headed ogre (Orc:2)
  A boulder beetle (Spider:3)
  A deep troll shaman (Depths:4)
  A shock serpent (WizLab)
  A deep troll earth mage (Depths:1)
  2 demonic crawlers
  3 dancing weapons
  2 sun demons (Zot:4)
  2 spriggan berserkers
  3 hell knights
  3 deep elf knights
  An iron troll (Depths:3)
  A sun moth (Spider:3)
  2 goliath frogs
  2 swamp dragons (Swamp:4)
  2 spriggan druids (Swamp:4)
  6 deep trolls
  2 lindwurms
  A bog body (Swamp:2)
  2 arcanists
  A phantasmal warrior (Vaults:3)
  3 necromancers
  5 ironbound convokers
  A steelbarb worm (Spider:1)
  2 deep elf pyromancers
  A shining eye (Slime:1)
  2 orc knights (Vaults:4)
  2 harpies (Vaults:2)
  4 wolf spiders
  2 deep elf zephyrmancers (Elf:2)
  2 salamanders
  4 ugly things
  4 moths of wrath
  A large abomination (D:1)
  4 elephants
  A black mamba (Lair:5)
  An eye of devastation (Slime:1)
  2 torpor snails (Spider:1)
  A green draconian zombie (Crypt:1)
  2 apocalypse crabs (WizLab)
  A rime drake (Lair:4)
  3 komodo dragons
  3 cane toads
  A kobold demonologist (D:10)
  A hydra zombie (Swamp:4)
  A freezing wraith (Crypt:1)
  3 yaktaurs (Vaults:1)
  An ice devil (IceCv)
  A purple draconian skeleton (Crypt:1)
  A troll (Depths:3)
  A death drake zombie (Swamp:4)
  6 hornets
  An alligator simulacrum (IceCv)
  4 blink frogs
  5 tarantellas
  A snapping turtle (Lair:5)
  5 air elementals
  6 jumping spiders
  3 spriggans
  25 slime creatures
  8 yaks
  4 wraiths
  3 culicivoras
  A wyvern (D:9)
  A shadow (D:11)
  A hog (Lair:3)
  4 golden eyes
  A fire elemental (Elf:1)
  13 redbacks
  A chaos spawn (Zot:3)
  3 vampire mosquitoes
  3 swamp worms
  A minotaur simulacrum (IceCv)
  2 acid dragons
  5 water moccasins
  2 hydra simulacra
  7 orc warriors
  A sky beast (D:7)
  A swamp dragon zombie (Swamp:4)
  7 ogres
  A centaur (D:10)
  A kobold brigand (D:7)
  4 bullfrogs
  An earth elemental (Elf:1)
  A scorpion (D:9)
  2 wights (D:6)
  A howler monkey (D:9)
  A jelly (D:8)
  6 orc priests
  2 gnoll boudas
  An iguana (D:7)
  6 orc wizards
  A gnoll (D:8)
  A white imp (D:8)
  18 orcs
  2 kobolds (D:11)
410 creatures vanquished.

Vanquished Creatures (others)
  An orb of fire (Zot:5)
  A death cob (Zot:2)
  A fire giant (Depths:2)
  A ghost moth (Zot:2)
  An ironbound convoker (Vaults:1)
  An apocalypse crab (WizLab)
  23 dancing weapons
  56 hexers
  An ancestor (D:6)
  A quokka (Depths:2)
  2 snaplasher vines (Vaults:1)
89 creatures vanquished.

Grand Total: 2198 creatures vanquished

Notes
Turn   | Place    | Note
-------+----------+-------------------------------------------
     0 | D:1      | Midpoint the Naga Enchanter began the quest for the Orb.
     0 | D:1      | Reached XP level 1. HP: 15/15 MP: 3/3
   165 | D:1      | Learned a level 1 spell: Slow
   220 | D:1      | Reached XP level 2. HP: 22/22 MP: 5/5
   599 | D:2      | Reached skill level 5 in Stealth
   641 | D:2      | Learned a level 2 spell: Ensorcelled Hibernation
   769 | D:2      | Reached XP level 3. HP: 30/30 MP: 6/6
   791 | D:2      | Reached skill level 1 in Fighting
   886 | D:2      | Learned a level 3 spell: Confusing Touch
   989 | D:2      | Found a shimmering altar of Xom.
  1025 | D:2      | Reached XP level 4. HP: 38/38 MP: 7/7
  1066 | D:2      | Found a faded altar of an unknown god.
  1077 | D:2      | Reached skill level 1 in Ice Magic
  1782 | D:3      | Noticed Robin
  1821 | D:3      | Reached XP level 5. HP: 35/45 MP: 2/8
  2030 | D:3      | Found a broken altar of Ashenzari.
  2092 | D:3      | Killed Robin
  2572 | D:3      | Found a radiant altar of Vehumet.
  2619 | D:3      | Reached XP level 6. HP: 50/52 MP: 7/9
  2755 | D:4      | Found a shadowy altar of Dithmenos.
  2933 | D:4      | Reached skill level 5 in Hexes
  3265 | D:4      | Noticed a black bear
  3288 | D:4      | Reached XP level 7. HP: 60/60 MP: 5/10
  3363 | D:4      | Learned a level 3 spell: Tukima's Dance
  3408 | D:4      | Found a runed translucent door.
  3409 | D:4      | Noticed Crazy Yiuf
  3557 | D:5      | Entered Level 5 of the Dungeon
  3679 | D:5      | Found a glowing drain.
  3683 | Sewer    | Entered a sewer
  4327 | D:5      | Reached XP level 8. HP: 64/68 MP: 6/12
  4432 | D:5      | Found an ornate altar of the Wu Jian Council.
  4709 | D:6      | Found a stormy altar of Qazlal.
  4709 | D:6      | Found a hazy altar of Hepliaklqana.
  4718 | D:6      | Became a worshipper of Hepliaklqana the Forgotten
  4928 | D:6      | Found a runed translucent door.
  4945 | D:6      | Found a runed translucent door.
  4987 | D:6      | Found a runed translucent gate.
  4988 | D:6      | Found a runed translucent gate.
  4989 | D:6      | Found a runed translucent gate.
  4996 | D:6      | Noticed ojifijod's ghost (novice FoFi)
  4996 | D:6      | Noticed DoNotCum's ghost (amateur DECj)
  5148 | D:6      | Learned a level 3 spell: Dazzling Flash
  5234 | D:6      | Reached skill level 10 in Stealth
  5477 | D:7      | Found a sparkling altar of Nemelex Xobeh.
  5500 | D:7      | Found a staircase to the Ecumenical Temple.
  5506 | Temple   | Entered the Ecumenical Temple
  5572 | D:7      | Noticed Prince Ribbit
  5573 | D:7      | Noticed a shadow
  5582 | D:7      | Killed Prince Ribbit
  5588 | D:7      | Killed a shadow
  5589 | D:7      | Reached XP level 9. HP: 77/79 MP: 8/15
  5671 | D:7      | Found a shimmering altar of Xom.
  5757 | D:7      | Reached * piety under Hepliaklqana
  5771 | D:7      | Found a hide-covered altar of Uskayaw.
  5830 | D:7      | Found a white marble altar of Elyvilon.
  6062 | D:7      | Reached skill level 5 in Fighting
  6783 | D:8      | Found a blossoming altar of Fedhas.
  6990 | D:8      | Found a bloodstained altar of Trog.
  7010 | D:8      | Reached skill level 1 in Evocations
  7228 | D:8      | Reached XP level 10. HP: 84/84 MP: 16/16
  7242 | D:8      | Reached ** piety under Hepliaklqana
  7252 | D:8      | Remembered your ancestor Eadburga as a hexer
  7331 | D:8      | Reached skill level 5 in Short Blades
  7331 | D:8      | Reached skill level 1 in Armour
  7770 | D:9      | Found a staircase to the Lair.
  8149 | D:10     | Entered Level 10 of the Dungeon
  8160 | D:10     | Learned a level 3 spell: Mephitic Cloud
  8175 | D:10     | Noticed a two-headed ogre
  8189 | D:10     | Killed a two-headed ogre
  8190 | D:10     | Reached XP level 11. HP: 64/92 MP: 6/17
  8521 | D:10     | Noticed a sun demon
  8544 | D:10     | Found a basalt altar of Yredelemnul.
  8761 | D:10     | Reached *** piety under Hepliaklqana
  8808 | D:10     | Found a glowing golden altar of the Shining One.
  9116 | D:11     | Reached skill level 5 in Armour
  9126 | D:11     | Reached skill level 1 in Invocations
  9309 | D:11     | Noticed a two-headed ogre
  9349 | D:11     | Killed a two-headed ogre
  9680 | D:11     | Found a staircase to the Orcish Mines.
  9785 | D:11     | Found a bloodstained altar of Trog.
  9967 | D:11     | Noticed Maurice
  9992 | D:11     | Killed Maurice
 10294 | D:12     | Noticed a skeletal warrior
 10344 | D:12     | Found Ukhes's General Store.
 10349 | D:12     | Bought a potion of attraction for 39 gold pieces
 10518 | D:12     | Noticed a skeletal warrior
 10580 | D:12     | Killed a skeletal warrior
 10830 | Lair:1   | Entered Level 1 of the Lair of Beasts
 10848 | Lair:1   | Reached XP level 12. HP: 102/104 MP: 9/18
 10849 | Lair:1   | Reached skill level 10 in Fighting
 10854 | Lair:1   | Reached skill level 10 in Short Blades
 10977 | Lair:1   | Reached **** piety under Hepliaklqana
 11031 | Lair:1   | Found the +4 robe of Augmentation {Str+4 Int+4 Dex+4}
 11229 | Lair:1   | Learned a level 4 spell: Cause Fear
 11322 | Lair:1   | Found a runed translucent door.
 11322 | Lair:1   | Found a shimmering altar of Xom.
 11322 | Lair:1   | Noticed Jaev's ghost (journeyman DgFE)
 11783 | Lair:2   | Reached skill level 5 in Invocations
 11889 | Lair:2   | Found a dark tunnel.
 11910 | Volcano  | Entered a volcano
 11933 | Volcano  | Noticed a hell knight
 12127 | Volcano  | Killed a hell knight
 12294 | Lair:2   | Reached ***** piety under Hepliaklqana
 12471 | Lair:2   | Gained mutation: You can use your snake-like lower body to
                  | constrict enemies. [Naga growth]
 12471 | Lair:2   | Reached XP level 13. HP: 114/114 MP: 12/19
 12484 | Lair:2   | Identified the +0 scale mail of Dishonour {rPois}
 12525 | Lair:2   | Found a staircase to the Swamp.
 12577 | Lair:2   | Found a hole to the Spider Nest.
 13248 | Lair:3   | Noticed Kirke
 13273 | Lair:3   | Killed Kirke
 13301 | Lair:3   | Noticed Rupert
 13328 | Lair:3   | Killed Rupert
 13396 | Lair:3   | Reached skill level 5 in Spellcasting
 13526 | Lair:4   | Identified the -2 pair of boots of Erosog {Str+3 Stlth+}
 14000 | Lair:5   | Entered Level 5 of the Lair of Beasts
 14127 | Lair:5   | Reached XP level 14. HP: 125/125 MP: 16/23
 14742 | Lair:5   | Found the +8 demon blade "Leech" {evervamp, Harm Drain rN+}
 14810 | Lair:5   | Reached skill level 1 in Long Blades
 14823 | Lair:5   | Reached skill level 2 in Long Blades
 14852 | Lair:5   | Reached skill level 3 in Long Blades
 14937 | Lair:5   | Reached ****** piety under Hepliaklqana
 14948 | Lair:5   | Reached skill level 4 in Long Blades
 14992 | Lair:5   | Found a staircase to the Slime Pits.
 14993 | Lair:5   | Found a viscous altar of Jiyva.
 15006 | Lair:5   | Learned a level 4 spell: Manifold Assault
 15164 | Lair:5   | Reached skill level 1 in Translocations
 15172 | Lair:5   | Identified the +2 short sword of the Eternal Warrior
                  | {heavy, MP+9}
 15392 | Orc:1    | Entered Level 1 of the Orcish Mines
 15408 | Orc:1    | Gained mutation: Your body sometimes deteriorates upon
                  | taking damage. [a neqoxec]
 15414 | Orc:1    | Reached skill level 5 in Long Blades
 15489 | Orc:1    | Found Kehuc's Armour Emporium.
 15649 | Orc:2    | Entered Level 2 of the Orcish Mines
 16024 | Orc:2    | Noticed an orc warlord
 16080 | Orc:2    | Killed an orc warlord
 16081 | Orc:2    | Reached skill level 6 in Long Blades
 16114 | Orc:2    | Reached skill level 7 in Long Blades
 16143 | Orc:2    | Reached XP level 15. HP: 131/131 MP: 8/24
 16183 | Orc:2    | Reached skill level 8 in Long Blades
 16250 | Orc:2    | Found Huwecs's Assorted Antiques.
 16250 | Orc:2    | Found Hivim's Jewellery Boutique.
 16251 | Orc:2    | Found Hosm's Distillery.
 16251 | Orc:2    | Found Peader's Antique Weapon Emporium.
 16277 | Orc:2    | Reached skill level 5 in Translocations
 16373 | Orc:2    | Found a staircase to the Elven Halls.
 16448 | Orc:2    | Reached skill level 9 in Long Blades
 16482 | Orc:2    | Bought a scroll labelled MINWUO SOED for 24 gold pieces
 16572 | Orc:2    | Bought 2 scrolls of identify for 96 gold pieces
 16579 | Orc:2    | Bought 2 potions of might for 112 gold pieces
 16582 | Orc:2    | Bought a transparent rapier for 216 gold pieces
 16582 | Orc:2    | Identified the +10 rapier of Xom's Reproof {heavy, rF+ rC+
                  | rN+ Dex+3} (You bought it in a shop on level 2 of the
                  | Orcish Mines)
 16583 | Orc:2    | Bought the ring of Odymis {*Slow rPois rF+++ rC+ Int+3} for
                  | 934 gold pieces
 17212 | D:12     | Reached skill level 10 in Long Blades
 17424 | D:13     | Identified a scroll of acquirement
 18205 | D:14     | Noticed Nessos
 18249 | D:14     | Killed Nessos
 18250 | D:14     | Reached skill level 11 in Long Blades
 18331 | D:14     | Found a frozen archway.
 18527 | IceCv    | Entered an ice cave
 18881 | IceCv    | HP: 3/131 [spriggan defender simulacrum (25)]
 19314 | IceCv    | Reached skill level 12 in Long Blades
 19870 | IceCv    | Noticed an Ice Fiend
 20341 | IceCv    | Killed an Ice Fiend
 20648 | D:14     | Noticed Azrael
 20726 | D:14     | Noticed Louise
 20774 | D:14     | Noticed Snorg
 20782 | D:14     | Killed Snorg
 20804 | D:14     | Noticed Josephine
 20924 | D:14     | Reached XP level 16. HP: 140/140 MP: 25/25
 20987 | D:14     | Found a gate to the Vaults.
 21125 | D:14     | Killed Josephine
 21230 | D:14     | Killed Azrael
 21315 | D:15     | Entered Level 15 of the Dungeon
 21385 | D:15     | Reached skill level 13 in Long Blades
 21389 | D:15     | Found Inoatodefe's Weapon Boutique.
 21456 | D:15     | Reached skill level 5 in Dodging
 21826 | D:15     | Learned a level 4 spell: Vhi's Electric Charge
 21905 | D:15     | Found Kaclay's Magic Scroll Emporium.
 21911 | D:15     | Bought a scroll of identify for 28 gold pieces
 21911 | D:15     | Bought a scroll of identify for 28 gold pieces
 21911 | D:15     | Bought a scroll of enchant armour for 105 gold pieces
 21911 | D:15     | Bought a scroll of identify for 28 gold pieces
 22001 | D:15     | Found Awekh's Distillery.
 22296 | D:15     | Found a stormy altar of Qazlal.
 22512 | D:15     | Found a staircase to the Depths.
 22762 | Spider:1 | Entered Level 1 of the Spider Nest
 23938 | Spider:2 | Noticed Arachne
 24047 | Spider:2 | Noticed Donald
 24048 | Spider:2 | Found a large runed translucent door.
 24048 | Spider:2 | Found a large runed translucent door.
 24319 | Spider:1 | Lost mutation: Your body sometimes deteriorates upon taking
                  | damage. [potion of mutation]
 24319 | Spider:1 | Gained mutation: Your spells are a little harder to cast,
                  | but a little more powerful. [potion of mutation]
 24761 | Spider:1 | Killed Donald
 25027 | Spider:2 | Reached XP level 17. HP: 148/148 MP: 23/26
 25255 | Spider:2 | Noticed avis's ghost (journeyman FeAr)
 25699 | Spider:2 | Killed Arachne
 25780 | Spider:2 | Identified the +11 spear of Amortisation {elec, rF+ rC++}
 25977 | Spider:2 | Noticed an acid blob
 26337 | Swamp:1  | Entered Level 1 of the Swamp
 26875 | Swamp:1  | Identified the +2 leather armour of Pride {Int+4}
 26941 | Swamp:1  | Reached skill level 1 in Air Magic
 27067 | Swamp:1  | Noticed Roxanne
 27706 | Swamp:2  | Noticed Frances
 28092 | Swamp:2  | Reached skill level 1 in Summonings
 28293 | Swamp:3  | Reached skill level 10 in Armour
 28331 | Swamp:3  | Noticed a tentacled monstrosity
 28897 | Swamp:3  | Killed a tentacled monstrosity
 29134 | Swamp:4  | Entered Level 4 of the Swamp
 29665 | Swamp:4  | Reached skill level 15 in Fighting
 29698 | Swamp:4  | Noticed a tentacled monstrosity
 29842 | Swamp:4  | Reached XP level 18. HP: 160/160 MP: 22/27
 29892 | Swamp:4  | Killed a tentacled monstrosity
 30231 | Swamp:4  | Learned a level 1 spell: Apportation
 30291 | Swamp:4  | Reached skill level 14 in Long Blades
 30758 | Swamp:4  | Found a basalt altar of Yredelemnul.
 31092 | Swamp:4  | Found a blossoming altar of Fedhas.
 31417 | Swamp:4  | Got a decaying rune of Zot
 32654 | Spider:3 | Identified the +5 arbalest "Gueg" {freeze, rElec rN+}
 33253 | Spider:4 | Entered Level 4 of the Spider Nest
 33256 | Spider:4 | Noticed Mlioglotl
 33860 | Spider:4 | Killed Mlioglotl
 34285 | Spider:4 | Noticed Agnes
 34300 | Spider:4 | Killed Agnes
 34484 | Spider:4 | Learned a level 5 spell: Summon Forest
 34875 | Spider:4 | Reached skill level 10 in Translocations
 35113 | Spider:4 | Reached skill level 10 in Dodging
 35113 | Spider:4 | Reached XP level 19. HP: 167/167 MP: 14/31
 35227 | Spider:4 | Got a gossamer rune of Zot
 35731 | Crypt:3  | Identified the "Kipuosav"
 35731 | WizLab   | Identified the "Xusirgh"
 35731 | Elf:1    | Identified the "Zituopy"
 35731 | Elf:1    | Identified the of Ovianaho
 35731 | Elf:1    | Entered Level 1 of the Elven Halls
 36475 | Elf:1    | Found a shimmering blue altar of Sif Muna.
 36504 | Elf:1    | Found a radiant altar of Vehumet.
 36576 | Elf:1    | Found a runed translucent gate.
 36576 | Elf:1    | Found a runed translucent gate.
 36576 | Elf:1    | Noticed Sugyll's ghost (adept TeAE)
 36577 | Elf:1    | Found a runed translucent gate.
 36577 | Elf:1    | Noticed Hulashix's ghost (journeyman MiBe)
 36578 | Elf:1    | Noticed Cuucabuana's ghost (veteran MiGl)
 36579 | Elf:1    | Noticed Sugyll's ghost (adept TeAE)
 36812 | Elf:1    | Found Yneru's Armour Boutique.
 36998 | Elf:2    | Found Alishug's Weapon Emporium.
 37361 | Elf:2    | Found a runed translucent gate.
 37361 | Elf:2    | Found a runed translucent gate.
 37361 | Elf:2    | Found a runed translucent gate.
 37431 | Elf:2    | Paralysed by an air elemental for 1 turns
 37433 | Elf:2    | Paralysed by an air elemental for 1 turns
 37551 | Elf:3    | Identified the of Mephuz
 37551 | Elf:3    | Identified the "Rounyu Beequ"
 37551 | Elf:3    | Identified the "Oklaax"
 37551 | Elf:3    | Entered Level 3 of the Elven Halls
 37717 | Elf:3    | Identified the +9 quarterstaff "Zaypsaok" {spect, rPois}
 37837 | Elf:3    | Paralysed by an air elemental for 1 turns
 38738 | Elf:3    | Identified the +9 demon blade "Yklaegaj" {drain, rElec
                  | Str+3 Int-3}
 38852 | Elf:3    | Reached XP level 20. HP: 174/174 MP: 6/32
 38856 | Elf:3    | Noticed a Brimstone Fiend
 39421 | Elf:3    | Reached skill level 15 in Stealth
 39620 | Elf:3    | Identified the +8 morningstar "Haddah" {freeze, Fly rPois
                  | rN+++}
 40391 | Elf:3    | Found the +3 Mad Mage's Maulers {Infuse+∞ VampMP -Cast}
 41137 | D:14     | Killed Louise
 41235 | Vaults:1 | Entered Level 1 of the Vaults
 41301 | Vaults:1 | Reached skill level 10 in Spellcasting
 41756 | Vaults:1 | Found Faerph's Antique Weapon Shoppe.
 41984 | Vaults:1 | Found Zuripeddofy's Assorted Antiques.
 42072 | Vaults:1 | Found Rivvoumo's Jewellery Boutique.
 42282 | Vaults:1 | Found Luerul Olasch's Antique Weapon Shop.
 42797 | Vaults:2 | Reached XP level 21. HP: 189/189 MP: 30/35
 42835 | Vaults:2 | Learned a level 6 spell: Dispersal
 42850 | Vaults:2 | Found Icheuq Haigg's Jewellery Shop.
 43074 | Vaults:2 | Reached skill level 15 in Long Blades
 43971 | Vaults:3 | Noticed Frederick
 43999 | Vaults:3 | Killed Frederick
 44061 | Vaults:3 | Reached skill level 16 in Long Blades
 44266 | Vaults:3 | Noticed Mara
 44271 | Vaults:3 | Noticed Midpoint's illusion
 44280 | Vaults:3 | Killed Mara
 44677 | Vaults:3 | Reached skill level 5 in Summonings
 45000 | Vaults:3 | Found Jefo's Distillery.
 45084 | Vaults:3 | Found a staircase to the Crypt.
 45478 | Vaults:3 | Reached XP level 22. HP: 193/198 MP: 29/36
 45633 | Vaults:4 | Found Sismiopp's Assorted Antiques.
 45634 | Vaults:4 | Found Safaaj's Distillery.
 45669 | Vaults:4 | Reached skill level 17 in Long Blades
 46021 | Vaults:4 | Found a transporter.
 46194 | Vaults:4 | Noticed Joextigh's ghost (veteran KoHu)
 46198 | Vaults:4 | Found a transporter.
 46206 | Vaults:4 | Noticed Zenata
 46495 | Vaults:4 | Found Ettengimm's Antique Armour Shoppe.
 46566 | Vaults:4 | Found Uxzeno's Magic Scroll Emporium.
 46729 | Vaults:4 | Killed Zenata
 46924 | Crypt:1  | Entered Level 1 of the Crypt
 47449 | Vaults:1 | Bought the ring "Waprucwy" {Wiz rCorr} for 426 gold pieces
 47970 | Spider:2 | Reached skill level 18 in Long Blades
 47998 | Spider:2 | Learned a level 2 spell: Blink
 48163 | Slime:1  | Entered Level 1 of the Pits of Slime
 48816 | Slime:4  | Noticed Dissolution
 48824 | Slime:4  | Killed Dissolution
 49262 | Slime:5  | Entered Level 5 of the Pits of Slime
 49484 | Slime:5  | Noticed the Royal Jelly
 49739 | Slime:5  | Found a viscous altar of Jiyva.
 50089 | Slime:5  | Paralysed by a formless jellyfish for 1 turns
 50370 | Slime:5  | Killed the Royal Jelly
 50420 | Slime:5  | Reached skill level 19 in Long Blades
 50533 | Slime:5  | Identified the +4 cloak "Tuanypt" {Int-3 Dex+3}
 50564 | Slime:5  | Identified the amulet "Tydoik" {RegenMP Str+3 Dex+3}
 50570 | Slime:5  | Got a slimy rune of Zot
 50571 | Slime:5  | Identified the +8 ice dragon scales "Luschuqiu" {rPois rF-
                  | rC++ Int+2}
 50625 | Slime:5  | Identified the +5 great mace of Poefei {flame, Will+ Str+2}
 50627 | Slime:5  | Identified the +4 orcbow of the Establishment {elec, rC+
                  | Str+2 Int+3}
 50640 | Slime:5  | Identified the +1 dagger "Ogre's Funeral" {pain, rElec rC+
                  | Str-4}
 50749 | Slime:5  | Identified the +7 tower shield "Lumeno" {Int+3 Dex+4}
 50869 | Slime:5  | Learned a level 5 spell: Summon Mana Viper
 51197 | Slime:1  | Reached XP level 23. HP: 205/205 MP: 15/37
 51889 | D:15     | Bought a potion of might for 64 gold pieces
 51889 | D:15     | Bought a potion of heal wounds for 80 gold pieces
 51889 | D:15     | Bought 2 potions of might for 128 gold pieces
 51943 | Depths:1 | Entered Level 1 of the Depths
 51943 | Depths:1 | Found a gateway to Hell.
 52008 | Depths:1 | Found a magical portal.
 52043 | WizLab   | Entered The Chambers of the Cloud Mage
 52152 | WizLab   | Paralysed by an air elemental for 1 turns
 52251 | WizLab   | Paralysed by an air elemental for 1 turns
 52517 | WizLab   | Paralysed by something for 1 turns
 52527 | WizLab   | Paralysed by an air elemental for 1 turns
 52663 | WizLab   | Paralysed by an air elemental for 1 turns
 52683 | WizLab   | Paralysed by an air elemental for 1 turns
 52726 | WizLab   | Paralysed by an air elemental for 1 turns
 53102 | WizLab   | Identified the ring of Ecirr {rF+ EV+5 Slay+5}
 53106 | WizLab   | Identified the +0 scale mail of Hide-and-Seek {Int+3}
 53295 | Depths:1 | Found a corrupted altar of Lugonu.
 53301 | Depths:1 | Reached skill level 20 in Long Blades
 53954 | Depths:2 | Found a white marble altar of Elyvilon.
 54133 | Depths:2 | Reached skill level 21 in Long Blades
 54169 | Depths:2 | Found a one-way gate to the infinite horrors of the Abyss.
 54415 | Depths:2 | Identified the +8 battleaxe of Hokugao Xafi {speed, Drain
                  | rPois rF+ Int+5}
 55074 | Depths:2 | Found a one-way gate leading to the halls of Pandemonium.
 55075 | Depths:2 | Identified the orb of Wu Jian's Envy {*channel, Contam
                  | rPois Regen+ Dex+4}
 55213 | Depths:3 | Noticed Saint Roka
 55213 | Depths:3 | Noticed a golden dragon
 55294 | Depths:3 | Reached skill level 5 in Evocations
 55296 | Depths:3 | Reached XP level 24. HP: 186/213 MP: 14/37
 55302 | Depths:3 | Found a one-way gateway to a ziggurat.
 55504 | Depths:3 | Noticed Vv
 55517 | Depths:3 | Killed Vv
 55727 | Depths:3 | Learned a level 3 spell: Swiftness
 55774 | Depths:3 | Noticed Boris
 55779 | Depths:3 | Killed Boris
 55885 | Depths:3 | Killed Saint Roka
 56455 | Depths:3 | Noticed a caustic shrike
 56460 | Depths:3 | Killed a caustic shrike
 56667 | Depths:4 | Entered Level 4 of the Depths
 56768 | Depths:4 | Identified the +2 robe of Jaumn {*Slow Will+ Dex+6}
 56847 | Depths:4 | Noticed Parghit
 56864 | Depths:4 | Killed Parghit
 57111 | Depths:4 | Found a gate to the Realm of Zot.
 57355 | Depths:4 | Noticed a caustic shrike
 57357 | Depths:4 | Noticed a caustic shrike
 57358 | Depths:4 | Noticed a caustic shrike
 57360 | Depths:4 | Killed a caustic shrike
 57362 | Depths:4 | Killed a caustic shrike
 57369 | Depths:4 | Killed a caustic shrike
 57386 | Depths:4 | Reached skill level 10 in Invocations
 57629 | Depths:4 | Found Juucs's Magic Scroll Boutique.
 57845 | Depths:4 | Reached XP level 25. HP: 222/222 MP: 36/38
 58031 | Zot:1    | Entered Level 1 of the Realm of Zot
 58551 | Zot:1    | Found a transporter.
 58907 | Zot:1    | Identified the +10 spear "Beetleslayer" {vamp, rPois Str+6
                  | Stlth+}
 58969 | Zot:1    | Found a transporter.
 58988 | Zot:1    | Learned a level 2 spell: Lesser Beckoning
 60761 | Zot:4    | Identified the +0 ring mail of the Rotten Ikuchi {Int+2
                  | Slay+2}
 61520 | Zot:4    | Noticed a Killer Klown
 61547 | Zot:4    | Killed a Killer Klown
 61565 | Zot:4    | Noticed an orb of fire
 61575 | Zot:4    | Killed an orb of fire
 61576 | Zot:4    | Reached skill level 10 in Evocations
 61692 | Zot:4    | Reached XP level 26. HP: 219/234 MP: 19/39
 61705 | Zot:4    | Reached skill level 10 in Summonings
 62005 | Zot:5    | Entered Level 5 of the Realm of Zot
 62006 | Zot:5    | Noticed a dread lich
 62073 | Zot:5    | Noticed a dread lich
 62080 | Zot:5    | Killed a dread lich
 62082 | Zot:5    | Found the +4 dragonskin cloak
 62082 | Zot:5    | Noticed Tiamat
 62143 | Zot:5    | Noticed a Killer Klown
 62154 | Zot:5    | Killed a Killer Klown
 62231 | Zot:5    | Noticed a Killer Klown
 62243 | Zot:5    | Killed a Killer Klown
 62764 | Zot:5    | Noticed an orb of fire
 62776 | Zot:5    | Killed an orb of fire
 62914 | Zot:5    | Noticed a Killer Klown
 62925 | Zot:5    | Noticed a dread lich
 62931 | Zot:5    | Noticed a Killer Klown
 62935 | Zot:5    | Killed a dread lich
 62940 | Zot:5    | Killed a Killer Klown
 62949 | Zot:5    | Killed a Killer Klown
 63048 | Zot:5    | Killed a dread lich
 63104 | Zot:5    | Noticed an orb of fire
 63121 | Zot:5    | Killed an orb of fire
 63124 | Zot:5    | Noticed a dread lich
 63132 | Zot:5    | Killed a dread lich
 63585 | Zot:5    | Noticed a Killer Klown
 63592 | Zot:5    | Killed a Killer Klown
 63673 | Zot:5    | Noticed a Killer Klown
 63703 | Zot:5    | Killed a Killer Klown
 64107 | Zot:5    | Killed Tiamat
 64318 | Zot:5    | Noticed an ancient lich
 64325 | Zot:5    | Killed an ancient lich
 64622 | Zot:5    | Reached XP level 27. HP: 182/241 MP: 21/39
 64666 | Zot:5    | Noticed an orb of fire
 64667 | Zot:5    | Gained mutation: Potions are less effective at restoring
                  | your health. [an orb of fire]
 64670 | Zot:5    | Gained mutation: You occasionally lose the ability to read
                  | scrolls when taking damage. [an orb of fire]
 64673 | Zot:5    | Killed an orb of fire
 64675 | Zot:5    | Noticed an ancient lich
 64688 | Zot:5    | Killed an ancient lich
 64689 | Zot:5    | Reached skill level 15 in Armour
 64967 | Zot:5    | Lost mutation: Potions are less effective at restoring your
                  | health. [potion of mutation]
 64967 | Zot:5    | Lost mutation: Your spells are a little harder to cast, but
                  | a little more powerful. [potion of mutation]
 64967 | Zot:5    | Lost mutation: You occasionally lose the ability to read
                  | scrolls when taking damage. [potion of mutation]
 64967 | Zot:5    | Gained mutation: Your tail ends in a venomous barb. [potion
                  | of mutation]
 64967 | Zot:5    | Gained mutation: Your tail ends in a sharp venomous barb.
                  | [potion of mutation]
 65132 | Depths:4 | Bought a scroll of revelation for 150 gold pieces
 65132 | Depths:4 | Bought a scroll of fog for 80 gold pieces
 65132 | Depths:4 | Bought a scroll of blinking for 150 gold pieces
 65397 | Zot:5    | Learned a level 2 spell: Passwall
 65398 | Zot:5    | Got the Orb of Zot
 65474 | Zot:3    | Reached skill level 1 in Transmutations
 65474 | Zot:3    | Reached skill level 1 in Earth Magic
 65817 | D:7      | Noticed Pauckalurph the pandemonium lord
 65964 | D:$      | Escaped with the Orb!

Illustrated notes

Levels and vault maps discovered:
D:1:      dpeg_arrival_arbitrary_b, layout_basic, minmay_misc_feat_enclosed
D:2:      layout_rooms, basic_altar, shapermc_ecumenical_altar_totnotflames
D:3:      layout_basic, mainiacjoe_overflow_alcove_4,
          ashenzari_conservatory_becter, hangedman_feature_mirror,
          minmay_lizard_king, uniq_robin
D:4:      layout_loops_ring, mainiacjoe_overflow_concentric_impassable,
          uniq_crazy_yiuf_cottage
D:5:      layout_gridville, general_overflow_altar, gup_sewer_entry_spiral
D:6:      lemuel_insect_pit, layout_basic,
          chequers_temple_overflow_statue_of_worship, gammafunk_ghost_cemetery,
          grunt_decor_one_mirror, minivault_10
D:7:      layout_gridville, lemuel_tele_altar, nicolae_uskayaw_dance_studio,
          nemelex_diamond_rough_becter, amcnicky_altar_gilded,
          minmay_temple_entry_enclosed_plants, uniq_prince_ribbit1
D:8:      minmay_skewed_foursquare, layout_loops_ring,
          mainiacjoe_overflow_boulevard, mainiacjoe_overflow_24_doors,
          serial_bayou, serial_bayou_pond_e, serial_bayou_lagoon_b,
          serial_bayou_lagoon_a, serial_bayou_shore_a
D:9:      layout_roguey, grunt_lair_entry_orc_guard_hut
D:10:     layout_loops_cross, old_standard_altar, tso_metal_star
D:11:     layout_irregular_city, hiddenorc2_lemuel, bloody_trog, uniq_maurice
D:12:     layout_small_grid, serial_shops, nicolae_shop_hallway_plus
D:13:     layout_stronghold
D:14:     layout_roguey, david_vaults_5, portal_ice_cave_entry_ice_statue_one,
          uniq_nessos, uniq_josephine, uniq_snorg, uniq_azrael, uniq_louise
D:15:     grunt_enter_depths_hoard, layout_small_grid, serial_shops,
          nicolae_shop_stone, shop, shop, nicolae_qazlal_eye_of_the_storm
Temple:   nicolae_temple_colour_theory
Lair:1:   layout_regular_city, ebering_ghost_xom
Lair:2:   layout_big_grid, mainiacjoe_swamp_entry_lozenge_pond,
          spider_nest_entry_rubble, enter_volcano_3,
          nicolae_lair_grove_arrangements
Lair:3:   layout_gridlike, lemuel_another_geyser, lemuel_fruit_tree,
          uniq_rupert, uniq_kirke
Lair:4:   layout_hall_layers
Lair:5:   gammafunk_lair_ancient_temple, layout_layer_cave, slime_entry_1,
          serial_bayou_ford_a, dreamdust_deal_with_the_devil
Swamp:1:  layout_basic_swamp, nicolae_swamp_little_tower, swamp_pool_1_2,
          uniq_roxanne
Swamp:2:  layout_falls_marsh, nicolae_swamp_decorative_isthmus,
          infiniplex_staircase_pool, nicolae_swamp_tree_isthmus, uniq_frances
Swamp:3:  layout_basic_swamp, nicolae_swamp_ascending_descending,
          statue_in_the_mist_lemuel, swamp_pool_1_2
Swamp:4:  byrel_swamp_growth_death_and_undeath, layout_basic_swamp,
          swamp_pool_1_2, nicolae_swamp_alligator_family
Spider:1: layout_spider_delve, guppyfry_spider_mini_2
Spider:2: layout_spider_delve, ebering_ghost_disaster_area,
          nicolae_spider_acid_house, uniq_donald, uniq_arachne
Spider:3: layout_cave_pods, guppyfry_hornet_nest
Spider:4: grunt_spider_rune_circles, uniq_mlioglotl, uniq_agnes
Slime:1:  layout_caves
Slime:2:  layout_caves
Slime:3:  layout_caves, nicolae_slime_welcoming_committee
Slime:4:  layout_caves, dissolution_awaits
Slime:5:  slime_pit_nicolae_trefoil
Orc:1:    layout_caves, serial_shops, nicolae_lakefront_shop
Orc:2:    st_orc_ogre_mass, layout_caves
Elf:1:    elf_arrival_002, layout_gridlike, serial_shops, shop,
          gammafunk_ghost_cemetery, minmay_elf_annihilation,
          nicolae_twisting_strands, hangedman_elf_simple_split
Elf:2:    nicolae_elf_blades_crystal_corner, layout_loops_corners, serial_shops,
          nicolae_square_shop
Elf:3:    nooodl_elf_gasket, layout_loops_corners
Vaults:1: nicolae_vaults_trapezoid_1, vaults_room_door_hall,
          nicolae_vaults_alarming, ontoclasm_vaults_misaligned,
          layout_vaults_quadrants, serial_shops, shop, shop, shop,
          nicolae_shop_rolling_square
Vaults:2: hangedman_vaults_stagger, v_misc_2, v_misc_19,
          nicolae_vaults_closet_pinwheel_5, nicolae_vaults_angled_halls,
          nicolae_vaults_what_the_h, nicolae_vaults_tetromino_L_1,
          ontoclasm_vaults_claustrophobia, nicolae_vaults_murderbox,
          vaults_room_stairs_pillars, nicolae_vaults_border_crossing,
          nicolae_vaults_surprise_closet, layout_vaults_big_room, serial_shops,
          shop
Vaults:3: ontoclasm_vaults_decontamination, minmay_crypt_entry_simple_round,
          hangedman_vaults_corner_blocks, hangedman_vaults_capsules,
          nicolae_vaults_security_offices_6, nicolae_vaults_diamond_1,
          vaults_mumra_hexcomb, nicolae_vaults_turnstiles,
          nicolae_vaults_sesquioval_fish, nicolae_vaults_surprise_closet,
          nicolae_vaults_storage_closets_1, layout_vaults_big_cross,
          serial_shops, nicolae_shop_behind_doors, uniq_frederick, uniq_mara
Vaults:4: gammafunk_ghost_mausoleum, nicolae_vaults_diamond_2,
          nicolae_vaults_doubleplus_tesselated, vaults_dpeg_encased_lava,
          nicolae_vaults_wrenched, nicolae_vaults_heart-shaped_vault,
          nicolae_vaults_six-pack, hangedman_vaults_snaps,
          hangedman_vaults_restitches, nicolae_vaults_shelves_hall,
          nicolae_vaults_ring_of_whatevers, vaults_room_pool,
          layout_vaults_maze_bifur, serial_shops, shop, shop,
          nicolae_shop_crystal, shop, uniq_zenata
Crypt:1:  layout_rooms
Depths:1: layout_big_octagon, hell_entry, mu_enter_wizlab_7, tgw_lugonu_bribe
Depths:2: minmay_imperfect_grid, layout_cave_pools, abyss_entry,
          elyvilon_altar_4, hell_entry, grunt_pan_entry_spiral,
          hangedman_decor_slide_cut
Depths:3: hangedman_hanging_gardens, layout_basic, enter_ziggurat_e,
          minmay_misc_feat_pillars, grunt_mini_vestibule, abyss_entry,
          serial_bayou_shore_b, uniq_boris, uniq_saint_roka, uniq_vv
Depths:4: evilmike_zot_entry_basic, layout_honeycomb,
          pf_vacation_house_of_asmodeus, serial_shops, shop,
          minmay_room_of_horrors, st_stairs_2, uniq_parghit
Zot:1:    gammafunk_its_a_trap, layout_basic
Zot:2:    layout_onion, hangedman_zot_wheel_spokes
Zot:3:    layout_cellular_growth, regret_index_zotdec_carving_tricks,
          lemuel_elevator
Zot:4:    grunt_zot_stairs_mandelzot, layout_basic
Zot:5:    layout_misc_corridors, uniq_tiamat

Skill      XL: |  1  2  3  4  5  6  7  8  9 10 11 12 13 14 15 16 17 18 19 20 21 22 23 24 25 26 27 |
---------------+----------------------------------------------------------------------------------+-----
Short Blades   | 2 3 4 7 9 10 | 10.0
Stealth        | 5 6 7 9 10 12 13 14 16 18 | 18.0
Fighting       | 1 2 4 7 8 9 11 12 13 15 17 18 19 20 | 20.1
Ice Magic      | 1 |  1.0
Hexes          | 4 5 6 8 9 |  9.4
Dodging        | 2 3 7 8 10 12 13 | 13.5
Spellcasting   | 4 6 8 10 11 12 | 12.0
Evocations     | 2 4 5 7 10 12 | 12.7
Armour         | 4 5 6 8 9 10 11 13 14 15 | 15.0
Invocations    | 3 6 7 8 10 | 10.0
Long Blades    | 7 12 13 14 16 19 21 | 21.2
Translocations | 4 5 8 10 12 14 | 14.0
Air Magic      | 2 4 |  4.0
Summonings     | 2 3 4 6 8 9 13 | 13.6
Transmutations | 1 |  1.6
Earth Magic    | 1 |  1.6

Action                     |  1- 3 |  4- 6 |  7- 9 | 10-12 | 13-15 | 16-18 | 19-21 | 22-24 | 25-27 || total
---------------------------+-------+-------+-------+-------+-------+-------+-------+-------+-------++-------
  Melee: Dagger            |    54 |   117 |     9 |       |   311 |       |       |       |       ||   491
         Short sword       |       |     2 |   172 |   492 |     9 |       |       |       |       ||   675
         Punch             |       |       |     1 |     8 |    18 |     4 |       |       |       ||    31
         Constrict         |       |       |       |       |   178 |   156 |   179 |   108 |    64 ||   685
         Demon blade       |       |       |       |       |   651 |  1329 |  1294 |   620 |       ||  3894
         Triple sword      |       |       |       |       |       |       |       |   969 |  1051 ||  2020
  Throw: Throwing net      |       |     2 |       |       |     1 |       |       |       |       ||     3
         Javelin           |       |       |     1 |       |     1 |       |       |       |       ||     2
         Boomerang         |       |       |       |     1 |       |       |       |       |       ||     1
   Cast: Slow              |     8 |    11 |    10 |     8 |    21 |    18 |    11 |     1 |       ||    88
         Ensorcelled Hiber |     5 |    37 |    33 |    10 |     1 |     1 |       |       |       ||    87
         Confusing Touch   |       |     4 |     7 |    47 |    68 |    45 |     6 |    38 |    67 ||   282
         Tukima's Dance    |       |       |    16 |    26 |    30 |     6 |    16 |    17 |    18 ||   129
         Dazzling Flash    |       |       |     1 |     1 |     4 |     3 |       |     2 |       ||    11
         Mephitic Cloud    |       |       |       |     8 |    14 |     4 |    14 |       |       ||    40
         Cause Fear        |       |       |       |       |     1 |     2 |     2 |     1 |     1 ||     7
         Manifold Assault  |       |       |       |       |    16 |   312 |   158 |   419 |   279 ||  1184
         Vhi's Electric Ch |       |       |       |       |       |    53 |   151 |    86 |    77 ||   367
         Apportation       |       |       |       |       |       |    17 |    38 |    40 |    31 ||   126
         Summon Forest     |       |       |       |       |       |       |     6 |     2 |     3 ||    11
         Dispersal         |       |       |       |       |       |       |     1 |     4 |       ||     5
         Summon Mana Viper |       |       |       |       |       |       |       |     4 |    19 ||    23
         Blink             |       |       |       |       |       |       |       |     1 |     4 ||     5
         Lesser Beckoning  |       |       |       |       |       |       |       |       |     1 ||     1
         Swiftness         |       |       |       |       |       |       |       |       |     2 ||     2
 Invoke: Ancestor Life: He |       |       |       |     1 |       |       |       |       |       ||     1
         Recall Ancestor   |       |       |       |     1 |     1 |    13 |    11 |    13 |    11 ||    50
         Transference      |       |       |       |       |     3 |     7 |       |       |       ||    10
         Idealise          |       |       |       |       |     2 |     3 |     1 |     3 |     2 ||    11
Ability: Spit Poison       |    27 |    42 |    22 |    30 |    51 |    50 |     4 |       |       ||   226
  Evoke: Wand              |       |       |     2 |     2 |     1 |    27 |     5 |     4 |     5 ||    46
         Sack of spiders   |       |       |       |       |     1 |     1 |     1 |     1 |       ||     4
         Phial of floods   |       |       |       |       |       |     4 |     2 |       |       ||     6
         Phantom mirror    |       |       |       |       |       |       |     1 |       |     1 ||     2
         Lightning rod     |       |       |       |       |       |       |       |     1 |       ||     1
    Use: Scroll            |       |     3 |     4 |    13 |    11 |    14 |     2 |    19 |     3 ||    69
         Potion            |       |       |     3 |     2 |     5 |    10 |       |     9 |     8 ||    37
   Stab: Sleeping          |    11 |    20 |    41 |    10 |    16 |     9 |     3 |     5 |     1 ||   116
         Confused          |       |     3 |     4 |    52 |    74 |    53 |    33 |    63 |    34 ||   316
         Invisible         |       |       |     5 |       |     3 |     1 |       |     7 |       ||    16
         Distracted        |       |       |       |     9 |    12 |    12 |    13 |     9 |    25 ||    80
         Petrified         |       |       |       |       |     1 |       |       |       |       ||     1
         Paralysed         |       |       |       |       |    25 |    66 |    51 |    40 |    22 ||   204
         Held in net/web   |       |       |       |       |     1 |       |       |       |       ||     1
 Armour: Robe              |    29 |    79 |   134 |    52 |   389 |   556 |   117 |       |       ||  1356
         Steam dragon scal |       |       |       |    58 |       |       |       |       |       ||    58
         Acid dragon scale |       |       |       |   112 |       |       |       |       |       ||   112
         Quicksilver drago |       |       |       |       |       |       |   327 |   206 |       ||   533
         Ice dragon scales |       |       |       |       |       |       |       |   383 |   477 ||   860
  Dodge: Dodged            |    17 |    63 |    78 |   164 |   315 |   457 |   306 |   314 |   270 ||  1984
  Block: Other             |       |       |    20 |    61 |   117 |    48 |       |       |       ||   246
         Reflection        |       |       |     2 |     1 |     1 |     4 |    26 |     4 |       ||    38
         Buckler           |       |       |       |       |       |   165 |   251 |    78 |       ||   494

Table legend: (Time is in decaauts)
 A = Elapsed time spent in this place.
 B = Non-inter-level travel time spent in this place.
 C = Inter-level travel time spent in this place.
 D = Time resting spent in this place.
 E = Time spent auto-exploring this place.
 F = Levels seen in this place.
 G = Mean time per level.
                   A        B        C        D        E       F      G
               +--------+--------+--------+--------+--------+-----+--------+
         Total |  79149 |  72467 |   6682 |  17442 |   3479 |  57 | 1388.6 |
       Dungeon |  20064 |  17978 |   2086 |   1485 |   2322 |  15 | 1337.6 |
        Temple |     42 |     42 |      0 |      0 |      0 |   1 |   42.0 |
          Lair |   6354 |   5352 |   1002 |    494 |    990 |   5 | 1270.8 |
         Swamp |   6236 |   5936 |    300 |   2559 |      0 |   4 | 1559.0 |
   Spider Nest |   8762 |   7852 |    910 |   3502 |      0 |   4 | 2190.5 |
    Slime Pits |   3467 |   3454 |     13 |   1004 |      0 |   5 |  693.4 |
  Orcish Mines |   1755 |   1550 |    205 |      0 |    103 |   2 |  877.5 |
   Elven Halls |   6197 |   5957 |    240 |   1707 |      0 |   3 | 2065.7 |
        Vaults |   7437 |   6687 |    750 |   1396 |      0 |   4 | 1859.2 |
         Crypt |     84 |     84 |      0 |      9 |      0 |   1 |   84.0 |
        Depths |   5863 |   5577 |    286 |   1552 |      0 |   4 | 1465.8 |
           Zot |   8874 |   7988 |    886 |   2161 |     63 |   5 | 1774.8 |
         Sewer |    235 |    235 |      0 |     55 |      0 |   1 |  235.0 |
      Ice Cave |   2080 |   2080 |      0 |    975 |      0 |   1 | 2080.0 |
       Volcano |    340 |    340 |      0 |     28 |      0 |   1 |  340.0 |
        Wizlab |   1352 |   1352 |      0 |    510 |      0 |   1 | 1352.0 |
               +--------+--------+--------+--------+--------+-----+--------+

Top non-repeatable levels by time:
   Elf:3: 3652 daAuts
Spider:1: 3272 daAuts
   Zot:5: 3104 daAuts
Vaults:3: 2538 daAuts
Spider:3: 2521 daAuts
 Swamp:4: 2218 daAuts
  Lair:5: 2129 daAuts
   IceCv: 2080 daAuts
   Zot:4: 2035 daAuts
Vaults:2: 1827 daAuts
     D:3: 1718 daAuts
    D:15: 1701 daAuts
Spider:4: 1691 daAuts
    D:14: 1681 daAuts
Depths:4: 1655 daAuts
